TOP OF THE 1ST |
Portland Privateers batting - Pitching for Allentown Hillbillies : RHP Carlos García
|
Pitching: RHP Carlos García
|
|
Batting: RHB Chris Adams
|
0-0: Ball 1-0: Ball 2-0: Called Strike 2-1: Foul Ball, location: 2F 2-2: Strikes out swinging
|
Batting: SHB Jacob Knapp
|
0-0: Ball 1-0: Ball 2-0: Fly out, F3 (Popup, 3F)
|
Batting: SHB Héctor Jiménez
|
0-0: Ground out 4-3 (Groundball, 4)
|
Top of the 1st over - 0 runs, 0 hits, 0 errors, 0 left on base; Portland 0 - Allentown 0 |
BOTTOM OF THE 1ST |
Allentown Hillbillies batting - Pitching for Portland Privateers : LHP Pedro Santana
|
Pitching: LHP Pedro Santana
|
|
Batting: LHB Júlio Lorenzo
|
0-0: Called Strike 0-1: Ball 1-1: Ball 2-1: Ball 3-1: SINGLE (Groundball, 5L) (infield hit)
|
Batting: SHB Travis Martin
|
0-0: Ball 1-0: Ball 2-0: Foul Ball, location: 2F 2-1: Fly out, F7 (Line Drive, 7)
|
Batting: RHB Donald Sanford
|
0-0: Ball 1-0: Called Strike 1-1: DOUBLE (Flyball, 8LXD) Júlio Lorenzo to third
|
Batting: RHB Diego Rivera
|
0-0: SINGLE (Line Drive, 89S) Júlio Lorenzo scores Donald Sanford to third Runner from 3rd tries for Home, SAFE, no throw
|
Batting: LHB Ryan Flynn
|
0-0: Called Strike 0-1: Ball 1-1: Called Strike 1-2: Strikes out swinging
|
Batting: RHB Germano Labrego
|
0-0: DOUBLE (Line Drive, 8LXD) Diego Rivera to third Runner from 3rd tries for Home, SAFE, no throw
|
Batting: RHB Robert Bly
|
0-0: Swinging Strike 0-1: Called Strike 0-2: Ball 1-2: Strikes out swinging
|
Bottom of the 1st over - 3 runs, 4 hits, 0 errors, 1 left on base; Portland 0 - Allentown 3 |
TOP OF THE 2ND |
Portland Privateers batting - Pitching for Allentown Hillbillies : RHP Carlos García
|
Batting: RHB Carlos Castro
|
0-0: Ball 1-0: Called Strike 1-1: Ball 2-1: Called Strike 2-2: Fly out, F8 (Line Drive, 8RM)
|
Batting: LHB Dillon Beck
|
0-0: Ball 1-0: SINGLE (Groundball, 3D)
|
Batting: SHB Patrick Larson
|
0-0: SINGLE (Groundball, 4D) Dillon Beck to second Runner from 2nd tries for 3rd, OUT! Patrick Larson to second
|
Now at 3B: Alfonso Ruíz
|
|
Batting: LHB Jeff Dorney
|
0-0: Ball 1-0: SINGLE (Groundball, 4MD) Patrick Larson to third Runner from 3rd tries for Home, SAFE, no throw
|
Batting: LHB Yasuhiko Onodera
|
0-0: Called Strike 0-1: Fly out, F8 (Flyball, 8LS)
|
Top of the 2nd over - 1 run, 3 hits, 0 errors, 1 left on base; Portland 1 - Allentown 3 |
BOTTOM OF THE 2ND |
Allentown Hillbillies batting - Pitching for Portland Privateers : LHP Pedro Santana
|
Batting: RHB Von Ford
|
0-0: Ball 1-0: Called Strike 1-1: Ground out 4-3 (Groundball, 4)
|
Batting: LHB Alfonso Ruíz
|
0-0: Fly out, F5 (Popup, 56S)
|
Batting: LHB Júlio Lorenzo
|
0-0: Called Strike 0-1: Ball 1-1: Ball 2-1: Swinging Strike 2-2: Ground out 1-3 (Groundball, 15S)
|
Bottom of the 2nd over - 0 runs, 0 hits, 0 errors, 0 left on base; Portland 1 - Allentown 3 |
TOP OF THE 3RD |
Portland Privateers batting - Pitching for Allentown Hillbillies : RHP Carlos García
|
Batting: RHB Luis Pineda
|
0-0: Ball 1-0: Ball 2-0: Foul Ball, location: 2F 2-1: Ball 3-1: Base on Balls
|
Batting: RHB Chris Adams
|
0-0: Ball 1-0: Ball 2-0: Called Strike 2-1: Called Strike 2-2: SINGLE (Groundball, 3) (infield hit) Luis Pineda to second
|
Batting: SHB Jacob Knapp
|
0-0: Ball 1-0: Ball 2-0: Ball 3-0: Base on Balls Luis Pineda to third Chris Adams to second
|
Batting: SHB Héctor Jiménez
|
0-0: Ground out 4-3 (Groundball, 4S) Luis Pineda scores Chris Adams to third Jacob Knapp to second
|
Batting: RHB Carlos Castro
|
0-0: Ball 1-0: Ball 2-0: Swinging Strike 2-1: Ball 3-1: Base on Balls
|
Batting: LHB Dillon Beck
|
0-0: Foul Ball, location: 2F 0-1: Foul Ball, location: 2F 0-2: SINGLE (Flyball, 9S) Chris Adams scores Jacob Knapp to third Carlos Castro to second
|
Batting: SHB Patrick Larson
|
0-0: SINGLE (Groundball, 56D) Jacob Knapp scores Carlos Castro to third Dillon Beck to second
|
Batting: LHB Jeff Dorney
|
0-0: Called Strike 0-1: Fly out, F7 (Flyball, 7S)
|
Batting: LHB Yasuhiko Onodera
|
0-0: Ball 1-0: Fly out, F8 (Flyball, 8LD)
|
Top of the 3rd over - 3 runs, 3 hits, 0 errors, 3 left on base; Portland 4 - Allentown 3 |
BOTTOM OF THE 3RD |
Allentown Hillbillies batting - Pitching for Portland Privateers : LHP Pedro Santana
|
Batting: SHB Travis Martin
|
0-0: Called Strike 0-1: Ball 1-1: Foul Ball, location: 2F 1-2: Strikes out swinging
|
Batting: RHB Donald Sanford
|
0-0: Called Strike 0-1: Called Strike 0-2: Ball 1-2: Ball 2-2: Ball 3-2: Fly out, F4 (Line Drive, 4)
|
Batting: RHB Diego Rivera
|
0-0: Swinging Strike 0-1: Foul Ball, location: 2F 0-2: Ground out 5-3 (Groundball, 5)
|
Bottom of the 3rd over - 0 runs, 0 hits, 0 errors, 0 left on base; Portland 4 - Allentown 3 |
TOP OF THE 4TH |
Portland Privateers batting - Pitching for Allentown Hillbillies : RHP Carlos García
|
Batting: RHB Luis Pineda
|
0-0: Ball 1-0: Ball 2-0: Called Strike 2-1: Foul Ball, location: 2F 2-2: Strikes out swinging
|
Batting: RHB Chris Adams
|
0-0: Foul Ball, location: 2F 0-1: Foul Ball, location: 2F 0-2: Strikes out looking
|
Batting: SHB Jacob Knapp
|
0-0: Swinging Strike 0-1: Swinging Strike 0-2: Ball 1-2: SINGLE (Flyball, 78S)
|
Batting: SHB Héctor Jiménez
|
0-0: Ball 1-0: Called Strike 1-1: Ground out 5-3 (Groundball, 56)
|
Top of the 4th over - 0 runs, 1 hit, 0 errors, 1 left on base; Portland 4 - Allentown 3 |
BOTTOM OF THE 4TH |
Allentown Hillbillies batting - Pitching for Portland Privateers : LHP Pedro Santana
|
Batting: LHB Ryan Flynn
|
0-0: Swinging Strike 0-1: Foul Ball, location: 2F 0-2: Ball 1-2: Strikes out looking
|
Batting: RHB Germano Labrego
|
0-0: Foul Ball, location: 2F 0-1: Ball 1-1: Ball 2-1: Swinging Strike 2-2: Foul Ball, location: 2F 2-2: Foul Ball, location: 2F 2-2: DOUBLE (Flyball, 89D)
|
Batting: RHB Robert Bly
|
0-0: Ball 1-0: Called Strike 1-1: Called Strike 1-2: Ball 2-2: Foul Ball, location: 2F 2-2: Ground out 5-3 (Groundball, 56)
|
Batting: RHB Von Ford
|
0-0: Called Strike 0-1: Called Strike 0-2: Ground out 6-3 (Groundball, 56)
|
Bottom of the 4th over - 0 runs, 1 hit, 0 errors, 1 left on base; Portland 4 - Allentown 3 |
TOP OF THE 5TH |
Portland Privateers batting - Pitching for Allentown Hillbillies : RHP Carlos García
|
Batting: RHB Carlos Castro
|
0-0: Ball 1-0: Ball 2-0: Ball 3-0: Called Strike 3-1: Foul Ball, location: 2F 3-2: Base on Balls
|
Batting: LHB Dillon Beck
|
0-0: Foul Ball, location: 2F 0-1: Ball 1-1: Called Strike 1-2: Strikes out swinging
|
Batting: SHB Patrick Larson
|
0-0: Called Strike 0-1: Ball 1-1: Swinging Strike 1-2: Strikes out swinging
|
Batting: LHB Jeff Dorney
|
0-0: Ball 1-0: Ball 2-0: Called Strike 2-1: Called Strike 2-2: Fielders Choice at 2nd, U6 (Groundball, 6M)
|
Top of the 5th over - 0 runs, 0 hits, 0 errors, 1 left on base; Portland 4 - Allentown 3 |
BOTTOM OF THE 5TH |
Allentown Hillbillies batting - Pitching for Portland Privateers : RHP Gabe Lewis
|
Pitching: RHP Gabe Lewis
|
|
Batting: LHB Alfonso Ruíz
|
0-0: Called Strike 0-1: Swinging Strike 0-2: Ground out 4-3 (Groundball, 34)
|
Batting: LHB Júlio Lorenzo
|
0-0: Foul Ball, location: 2F 0-1: Swinging Strike 0-2: Ball 1-2: Ball 2-2: Strikes out swinging
|
Batting: SHB Travis Martin
|
0-0: Called Strike 0-1: Swinging Strike 0-2: Ball 1-2: Ball 2-2: Strikes out swinging
|
Bottom of the 5th over - 0 runs, 0 hits, 0 errors, 0 left on base; Portland 4 - Allentown 3 |
TOP OF THE 6TH |
Portland Privateers batting - Pitching for Allentown Hillbillies : RHP Carlos García
|
Batting: LHB Yasuhiko Onodera
|
0-0: Foul Ball, location: 2F 0-1: Called Strike 0-2: Ball 1-2: Strikes out swinging
|
Batting: RHB Luis Pineda
|
0-0: Ball 1-0: Ball 2-0: Called Strike 2-1: Called Strike 2-2: Foul Ball, location: 2F 2-2: Foul Ball, location: 2F 2-2: Strikes out swinging
|
Batting: RHB Chris Adams
|
0-0: Fly out, F3 (Line Drive, 3L)
|
Top of the 6th over - 0 runs, 0 hits, 0 errors, 0 left on base; Portland 4 - Allentown 3 |
BOTTOM OF THE 6TH |
Allentown Hillbillies batting - Pitching for Portland Privateers : RHP Gabe Lewis
|
Batting: RHB Donald Sanford
|
0-0: Called Strike 0-1: Called Strike 0-2: Strikes out swinging
|
Batting: RHB Diego Rivera
|
0-0: Ball 1-0: Ball 2-0: Called Strike 2-1: Foul Ball, location: 2F 2-2: Strikes out swinging
|
Batting: LHB Ryan Flynn
|
0-0: Ball 1-0: Ball 2-0: Fly out, F7 (Flyball, 78S)
|
Bottom of the 6th over - 0 runs, 0 hits, 0 errors, 0 left on base; Portland 4 - Allentown 3 |
TOP OF THE 7TH |
Portland Privateers batting - Pitching for Allentown Hillbillies : RHP Carlos García
|
Pitching: RHP Millard Manning
|
|
Batting: SHB Jacob Knapp
|
0-0: Ball 1-0: Ball 2-0: Called Strike 2-1: Ball 3-1: Foul Ball, location: 2F 3-2: Ground out 4-3 (Groundball, 4)
|
Batting: SHB Héctor Jiménez
|
0-0: Swinging Strike 0-1: Ball 1-1: Foul Ball, location: 2F 1-2: Foul Ball, location: 2F 1-2: Foul Ball, location: 2F 1-2: Ball 2-2: Ball 3-2: Foul Ball, location: 2F 3-2: Ground out 4-3 (Groundball, 4M)
|
Batting: RHB Carlos Castro
|
0-0: Ground out 5-3 (Groundball, 56S)
|
Top of the 7th over - 0 runs, 0 hits, 0 errors, 0 left on base; Portland 4 - Allentown 3 |
BOTTOM OF THE 7TH |
Allentown Hillbillies batting - Pitching for Portland Privateers : RHP Gabe Lewis
|
Batting: RHB Germano Labrego
|
0-0: Ball 1-0: Fly out, F9 (Flyball, 9LD)
|
Batting: RHB Robert Bly
|
0-0: Called Strike 0-1: Foul Ball, location: 2F 0-2: Ball 1-2: Ball 2-2: Ball 3-2: Foul Ball, location: 2F 3-2: Base on Balls
|
Batting: RHB Von Ford
|
0-0: Ball 1-0: Ball 2-0: Foul Ball, location: 2F 2-1: Ball 3-1: SINGLE (Line Drive, 89S) Robert Bly to second
|
Pinch Hitting: RHB Albert Lutz
|
0-0: Ball 1-0: Swinging Strike 1-1: Ball 2-1: DOUBLE (Line Drive, 9LM) Robert Bly scores Von Ford to third Runner from 3rd tries for Home, SAFE, throw made at trailing runner, OUT at third!
|
Batting: LHB Júlio Lorenzo
|
0-0: Ball 1-0: Ball 2-0: Ball 3-0: Called Strike 3-1: Foul Ball, location: 2F 3-2: Base on Balls
|
Pitching: RHP Ricardo Ontiveros
|
|
Batting: SHB Travis Martin
|
0-0: Called Strike 0-1: Ball 1-1: Ball 2-1: Ball 3-1: DOUBLE (Groundball, 3L) Júlio Lorenzo to third
|
Batting: RHB Donald Sanford
|
0-0: Ball 1-0: Ball 2-0: Ball 3-0: Called Strike 3-1: Base on Balls
|
Batting: RHB Diego Rivera
|
0-0: Ball 1-0: Ball 2-0: Called Strike 2-1: Called Strike 2-2: Fly out, F8 (Flyball, 8LD)
|
Bottom of the 7th over - 2 runs, 3 hits, 0 errors, 3 left on base; Portland 4 - Allentown 5 |
TOP OF THE 8TH |
Portland Privateers batting - Pitching for Allentown Hillbillies : RHP Millard Manning
|
Now at 3B: Justin Harris
|
|
Now in LF: António Salazar
|
|
Batting: LHB Dillon Beck
|
0-0: Ball 1-0: SINGLE (Flyball, 89S)
|
Batting: SHB Patrick Larson
|
0-0: Swinging Strike 0-1: Ball 1-1: Foul Ball, location: 2F 1-2: Foul Ball, location: 2F 1-2: Foul Ball, location: 2F 1-2: Ball 2-2: Foul Ball, location: 2F 2-2: Grounds into double play, 4-6-3 (Groundball, 4)
|
Batting: LHB Jeff Dorney
|
0-0: Ball 1-0: Ball 2-0: Ball 3-0: Base on Balls
|
Pitching: LHP Alberto Maldonado
|
|
Pinch Hitting: RHB Joe Bailey
|
0-0: Ball 1-0: Called Strike 1-1: Ball 2-1: Ball 3-1: Foul Ball, location: 2F 3-2: Base on Balls Jeff Dorney to second
|
Batting: RHB Luis Pineda
|
0-0: Called Strike 0-1: Ball 1-1: Swinging Strike 1-2: Strikes out swinging
|
Top of the 8th over - 0 runs, 1 hit, 0 errors, 2 left on base; Portland 4 - Allentown 5 |
BOTTOM OF THE 8TH |
Allentown Hillbillies batting - Pitching for Portland Privateers : RHP Ricardo Ontiveros
|
Now at 1B: Joe Bailey
|
|
Batting: LHB Ryan Flynn
|
0-0: Called Strike 0-1: SOLO HOME RUN (Flyball, 9LD), Distance : 361 ft
|
Batting: RHB Germano Labrego
|
0-0: Called Strike 0-1: Swinging Strike 0-2: Strikes out looking
|
Batting: RHB Robert Bly
|
0-0: Swinging Strike 0-1: Ball 1-1: Foul Ball, location: 2F 1-2: Fly out, F9 (Flyball, 9)
|
Batting: RHB Von Ford
|
0-0: Ball 1-0: Ball 2-0: Ball 3-0: Called Strike 3-1: Swinging Strike 3-2: Strikes out swinging
|
Bottom of the 8th over - 1 run, 1 hit, 0 errors, 0 left on base; Portland 4 - Allentown 6 |
TOP OF THE 9TH |
Portland Privateers batting - Pitching for Allentown Hillbillies : LHP Alberto Maldonado
|
Pitching: RHP Dale Downs
|
|
Batting: RHB Chris Adams
|
0-0: Called Strike 0-1: Swinging Strike 0-2: Strikes out swinging
|
Batting: SHB Jacob Knapp
|
0-0: Ball 1-0: Ball 2-0: Ball 3-0: Base on Balls
|
Batting: SHB Héctor Jiménez
|
0-0: Ball 1-0: Called Strike 1-1: Ball 2-1: Fly out, F5 (Popup, 5S)
|
Batting: RHB Carlos Castro
|
0-0: Called Strike 0-1: Fielders Choice at 2nd, 5-4 (Groundball, 56)
|
Top of the 9th over - 0 runs, 0 hits, 0 errors, 1 left on base; Portland 4 - Allentown 6 |
|